 Dungeon Crawl Stone Soup version 0.28-a0-1114-g8eb0198dcf (webtiles) character file.

Game seed: 15712176677912815900

19588 Peloso the Carver (level 12, -3/106 HPs)
             Began as a Minotaur Fighter on Dec 11, 2021.
             Was the Champion of Okawaru.
             Shot with an arrow by Nessos (20 damage)
             ... on level 12 of the Dungeon.
             The game lasted 00:31:53 (17143 turns).

Peloso the Carver (Minotaur Fighter)               Turns: 17143, Time: 00:31:53

Health: -3/106     AC: 18    Str: 23    XL:     12   Next: 37%
Magic:  0/12       EV:  6    Int:  5    God:    Okawaru [******]
Gold:   715        SH: 17    Dex: 13    Spells: 11/11 levels left

rFire   . . .      SeeInvis .   a - +1 double sword (vamp)
rCold   . . .      Faith    .   c - +0 tower shield
rNeg    . . .      Spirit   +   A - +0 plate armour
rPois   .          Reflect  .   (helmet restricted)
rElec   .          Harm     .   u - scarf {shadows}
rCorr   +          Rampage  .   j - +0 pair of gloves
Will    .....                   q - +0 pair of boots {Stlth+}
Stlth   ..........              n - amulet of guardian spirit
HPRegen 0.27/turn               l - +4 ring of slaying
MPRegen 0.13/turn               K - ring of resist corrosion

@: about to teleport
A: horns 2, retaliatory headbutt
a: Renounce Religion, Heroism, Finesse, Duel


You were on level 12 of the Dungeon.
You worshipped Okawaru.
Okawaru was exalted by your worship.
You visited 2 branches of the dungeon, and saw 15 of its levels.

You collected 770 gold pieces.
You spent 55 gold pieces at shops.

Inventory:

Hand Weapons
 a - a +1 vampiric double sword (weapon)
Missiles
 g - a throwing net (quivered)
Armour
 b - a +0 scale mail
 c - a +0 tower shield (worn)
 j - a +0 pair of gloves (worn)
 q - a +0 pair of boots of stealth (worn)
 u - a scarf of shadows (worn)
 w - a +0 chain mail
 A - a +0 plate armour (worn)
Jewellery
 l - a +4 ring of slaying (left hand)
 n - an amulet of guardian spirit (around neck)
 K - a ring of resist corrosion (right hand)
Wands
 o - a wand of digging (1)
 B - a wand of acid (1)
Scrolls
 h - 3 scrolls of amnesia {unknown}
 i - 2 scrolls of enchant armour
 r - 3 scrolls of identify
 y - 4 scrolls of blinking {unknown}
 z - 5 scrolls of teleportation
 F - 2 scrolls of fog
 H - a scroll of magic mapping
 L - a scroll of summoning
Potions
 d - 4 potions of might
 e - a potion of degeneration {unknown}
 f - a potion of berserk rage
 k - 2 potions of haste {unknown}
 m - 2 potions of curing
 p - 2 potions of resistance
 v - 4 potions of flight
 C - 3 potions of brilliance {unknown}
 G - 2 potions of heal wounds {unknown}


   Skills:
 + Level 10.2 Fighting
 + Level 14.1 Long Blades
 + Level 12.4 Armour
 + Level 3.8 Dodging
 + Level 2.1 Stealth
 + Level 12.3 Shields
 + Level 2.1 Invocations
 + Level 1.8 Evocations


You had 11 spell levels left.
You didn't know any spells.
Your spell library contained the following spells:

 Spells                   Type           Power      Damage    Failure   Level
 Freeze                   Ice            0%         1d3       100%        1
 Conjure Flame            Conj/Fire      0%         6-21      100%        3
 Frozen Ramparts          Ice            0%         1d2       100%        3
 Ignite Poison            Fire/Tmut/Pois 0%         N/A       100%        3
 Portal Projectile        Hex/Tloc       0%         N/A       100%        3
 Airstrike                Air            0%         N/A       100%        4
 Hailstorm                Conj/Ice       0%         3d3       100%        4
 Leda's Liquefaction      Hex/Erth       0%         N/A       100%        4
 Olgreb's Toxic Radiance  Pois           0%         N/A       100%        4
 Passage of Golubria      Tloc           0%         N/A       100%        4
 Sticky Flame             Conj/Fire      0%         2d3       100%        4
 Blade Hands              Tmut           0%         N/A       100%        5
 Excruciating Wounds      Necr           0%         N/A       100%        5
 Lightning Bolt           Conj/Air       0%         1d11      100%        5
 Yara's Violent Unravell  Hex/Tmut       0%         3d3       100%        5
 Conjure Ball Lightning   Conj/Air       0%         3x3d6     100%        6
 Iron Shot                Conj/Erth      0%         9d1       100%        6
 Orb of Destruction       Conj           0%         N/A       100%        7
 Ozocubu's Refrigeration  Ice            0%         4d5       100%        7
 Discord                  Hex            0%         N/A       100%        8
 Disjunction              Tloc           0%         N/A       100%        8
 Ignition                 Fire           0%         3d3       100%        8
 Call Canine Familiar     Summ           Unusable   N/A       N/A         3
 Summon Guardian Golem    Hex/Summ       Unusable   N/A       N/A         3
 Tukima's Dance           Hex            Unusable   N/A       N/A         3
 Animate Armour           Summ/Erth      Unusable   N/A       N/A         4
 Summon Lightning Spire   Summ/Air       Unusable   N/A       N/A         4
 Spellforged Servitor     Conj/Summ      Unusable   N/A       N/A         7

Dungeon Overview and Level Annotations

Branches:
Dungeon (12/15)              Lair (3/6) D:10         Shoals (0/4) Lair:2
  Snake (0/4) Lair:2          Orc (0/2) D:11
 Temple: D:4-7

Altars:
Hepliaklqana
Makhleb
Nemelex Xobeh
Okawaru
Qazlal
Trog
Wu Jian
Xom
Zin
The Shining One
Beogh

Shops:
D:7 *   D:8 *

Annotations:
D:12 Nessos


Innate Abilities, Weirdness & Mutations

You have a pair of horns on your head.
You reflexively headbutt those who attack you in melee.


Message History

Nessos blinks!
Nessos stands on their hind legs for a moment.
Nessos shoots an arrow.
The arrow hits you. The arrow burns you.
You are poisoned.
Nessos shoots an arrow.
You block the arrow.
Nessos shoots an arrow.
You block the arrow.
You feel very sick.
Nessos gestures wildly while chanting.
Nessos blinks!
Nessos shoots an arrow.
The arrow hits you! The arrow burns you.
You are more poisoned.
You feel very sick.
Nessos shoots an arrow.
You block the arrow.
Nessos shoots an arrow.
The arrow hits you. The arrow burns you.
You are lethally poisoned!
* * * LOW HITPOINT WARNING * * *
You feel extremely sick.
Nessos shoots an arrow.
The arrow hits you!
* * * LOW HITPOINT WARNING * * *
The arrow burns you.
You are more poisoned.
* * * LOW HITPOINT WARNING * * *
Nessos shoots an arrow.
You block the arrow.
Nessos shoots an arrow.
The arrow hits you.
* * * LOW HITPOINT WARNING * * *
The arrow burns you.
You are more poisoned.
* * * LOW HITPOINT WARNING * * *
You feel better.
Nessos shoots an arrow.
The arrow hits you.
* * * LOW HITPOINT WARNING * * *
The arrow burns you.
You are lethally poisoned!
* * * LOW HITPOINT WARNING * * *
As you read the scroll of teleportation, it crumbles to dust.
You feel strangely unstable.
* * * LOW HITPOINT WARNING * * *
You feel very sick.
Nessos shoots an arrow.
You block the arrow.
Nessos shoots an arrow.
The arrow hits you but does no damage.
You feel better.
Nessos shoots an arrow.
The arrow hits you!!
You die...

######.## #...# #........ ##.#
##...## #........ #..# ##...##
###...### ##.## #######'.##
##..##### #..# #.........#
#.......# ####'#### ###....)....#
#.......# ........# #.'.........#
#.......#
...)....###.#.........###.......#
........#...#...@.....#.'.......+
........#.###.........'.#.......#
........'.# #.c.......###########
........### #.........# #########
#.........# ###########


You could see Nessos (fast).

Vanquished Creatures
  2 boulder beetles
  2 two-headed ogres
  Sonja (Lair:2)
  Pikel (D:4)
  2 cyclopes
  2 gargoyles
  Maggie (D:9)
  A rime drake (Lair:2)
  3 kobold demonologists (D:9)
  4 komodo dragons
  2 tengu conjurers (D:12)
  A troll (D:11)
  Grinder (D:6)
  3 slime creatures (D:12)
  2 wraiths
  2 wyverns
  26 yaks
  3 steam dragons
  Menkaure (D:6)
  3 nagas (Lair:2)
  5 water moccasins
  Pargi (D:4)
  A black bear (Lair:2)
  A hornet zombie (D:8)
  7 orc warriors
  2 necrophages (D:6)
  3 ogres
  5 wolves (Lair:3)
  A centaur (D:10)
  A phantom (D:5)
  3 lemures
  A kobold brigand (D:6)
  8 bullfrogs
  A gnoll sergeant (D:6)
  4 scorpions
  14 killer bees
  4 wights (D:10)
  3 electric eels (D:9)
  A howler monkey (D:9)
  3 centaur zombies
  2 gnoll shamans
  A jelly (D:5)
  2 centaur skeletons
  8 orc priests
  A hound (D:6)
  An iguana (D:5)
  Natasha (thrice) (D:3)
  8 orc wizards
  A killer bee zombie (D:9)
  A hound zombie (D:5)
  9 gnolls
  10 adders
  A worm (D:2)
  2 dart slugs (D:3)
  55 orcs
  5 endoplasms
  4 giant cockroaches (D:1)
  6 goblins
  10 hobgoblins
  8 jackals
  6 quokkas
  9 ball pythons
  8 bats
  10 frilled lizards
  13 kobolds
  A rat (D:2)
317 creatures vanquished.

Vanquished Creatures (others)
  An orc wizard (D:4)
  An adder skeleton (D:4)
  2 orcs (D:4)
  4 fungi (Lair:2)
  14 plants
22 creatures vanquished.

Grand Total: 339 creatures vanquished

Notes
Turn   | Place    | Note
-------+----------+-------------------------------------------
     0 | D:1      | Peloso the Minotaur Fighter began the quest for the Orb.
     0 | D:1      | Reached XP level 1. HP: 19/19 MP: 0/0
   155 | D:1      | Reached XP level 2. HP: 27/27 MP: 1/1
   545 | D:1      | Reached XP level 3. HP: 30/33 MP: 2/2
   785 | D:2      | Reached skill level 3 in Long Blades
   888 | D:2      | Reached XP level 4. HP: 41/41 MP: 3/3
  1290 | D:2      | Found a bloodstained altar of Trog.
  1575 | D:3      | Found an iron altar of Okawaru.
  1581 | D:3      | Became a worshipper of Warmaster Okawaru
  1629 | D:3      | Noticed Natasha
  1631 | D:3      | Killed Natasha
  1734 | D:3      | Noticed Natasha
  1739 | D:3      | Killed Natasha
  1740 | D:3      | Reached XP level 5. HP: 47/47 MP: 4/4
  1746 | D:3      | Reached skill level 1 in Dodging
  1755 | D:3      | Reached skill level 4 in Long Blades
  2131 | D:3      | Reached skill level 5 in Armour
  2258 | D:3      | Noticed Natasha
  2262 | D:3      | Killed Natasha
  2263 | D:3      | Reached XP level 6. HP: 50/55 MP: 5/5
  2311 | D:3      | Found an ornate altar of the Wu Jian Council.
  2526 | D:4      | Noticed a steam dragon
  2537 | D:4      | HP: 1/55 [steam dragon] (4)]
  2538 | D:4      | Killed a steam dragon
  2538 | D:4      | Reached * piety under Okawaru
  2539 | D:4      | Reached skill level 5 in Fighting
  2539 | D:4      | Reached skill level 5 in Long Blades
  3035 | D:4      | Noticed Pikel
  3194 | D:4      | Killed Pikel
  3194 | D:4      | Reached ** piety under Okawaru
  3194 | D:4      | Reached *** piety under Okawaru
  3195 | D:4      | Reached skill level 6 in Long Blades
  3195 | D:4      | Reached skill level 5 in Shields
  3195 | D:4      | Reached XP level 7. HP: 46/62 MP: 3/6
  3279 | D:4      | Found a glowing golden altar of the Shining One.
  3322 | D:4      | Noticed Pargi
  3330 | D:4      | Killed Pargi
  3871 | D:5      | Entered Level 5 of the Dungeon
  3877 | D:5      | Reached XP level 8. HP: 63/70 MP: 7/7
  4006 | D:5      | Reached skill level 7 in Long Blades
  4941 | D:6      | Noticed Grinder
  4953 | D:6      | Noticed Menkaure
  5551 | D:6      | Killed Menkaure
  5551 | D:6      | Received a gift from Okawaru
  5567 | D:6      | Killed Grinder
  5568 | D:6      | Reached skill level 8 in Long Blades
  5568 | D:6      | Reached skill level 1 in Stealth
  5653 | D:6      | Reached XP level 9. HP: 68/78 MP: 6/8
  5717 | D:6      | Found a stormy altar of Qazlal.
  6036 | D:6      | Reached **** piety under Okawaru
  6137 | D:6      | Found a hazy altar of Hepliaklqana.
  6138 | D:6      | Found a shimmering altar of Xom.
  6139 | D:6      | Noticed a spectral ugly thing
  6190 | D:6      | Found a sparkling altar of Nemelex Xobeh.
  6715 | D:7      | Found Zin's Purification Station.
  6718 | D:7      | Found a glowing silver altar of Zin.
  6852 | D:7      | Reached skill level 9 in Long Blades
  7532 | D:7      | Reached ***** piety under Okawaru
  7535 | D:7      | Reached skill level 10 in Long Blades
  7708 | D:7      | Reached XP level 10. HP: 42/88 MP: 9/9
  8336 | D:8      | Found Neumim's General Store.
  8345 | D:8      | Bought a scroll of identify for 22 gold pieces
  8345 | D:8      | Bought a scroll of teleportation for 33 gold pieces
  8645 | D:9      | Noticed Maggie
  8654 | D:9      | Killed Maggie
  8911 | D:9      | Found a burning altar of Makhleb.
  9445 | D:9      | Reached skill level 1 in Invocations
  9479 | D:9      | Reached skill level 11 in Long Blades
 10666 | D:10     | Entered Level 10 of the Dungeon
 10673 | D:10     | Reached skill level 12 in Long Blades
 10868 | D:10     | Reached skill level 10 in Armour
 11063 | D:10     | Noticed a gargoyle
 11071 | D:10     | Killed a gargoyle
 11072 | D:10     | Reached XP level 11. HP: 89/95 MP: 6/10
 11133 | D:10     | Reached skill level 10 in Shields
 11490 | D:10     | Noticed a two-headed ogre
 11506 | D:10     | Killed a two-headed ogre
 11752 | D:10     | Found a staircase to the Lair.
 11771 | D:10     | Reached ****** piety under Okawaru
 12231 | D:11     | Reached skill level 13 in Long Blades
 12373 | D:11     | Found a staircase to the Orcish Mines.
 12755 | Lair:1   | Entered Level 1 of the Lair of Beasts
 13118 | Lair:1   | Noticed a boulder beetle
 13153 | Lair:1   | Killed a boulder beetle
 13982 | Lair:2   | Reached skill level 1 in Evocations
 14025 | Lair:2   | Found a staircase to the Shoals.
 14173 | Lair:2   | Found a staircase to the Snake Pit.
 14250 | Lair:2   | Received a gift from Okawaru
 14577 | Lair:2   | Reached XP level 12. HP: 75/106 MP: 8/12
 14968 | Lair:2   | Noticed Sonja
 15331 | Lair:2   | Killed Sonja
 15676 | Lair:3   | Reached skill level 10 in Fighting
 15838 | Lair:3   | Noticed a seven-headed hydra
 16402 | D:12     | Noticed a boulder beetle
 16414 | D:12     | Killed a boulder beetle
 16415 | D:12     | Reached skill level 14 in Long Blades
 16531 | D:12     | Noticed Nessos
 17022 | D:12     | Noticed a two-headed ogre
 17029 | D:12     | Killed a two-headed ogre
 17029 | D:12     | Received a gift from Okawaru
 17143 | D:12     | Shot with an arrow by Nessos

Illustrated notes

Levels and vault maps discovered:
D:1:      sevenhm_arrival_forest_fort_small_3, layout_basic
D:2:      layout_loops_ring, basic_altar
D:3:      layout_basic, mainiacjoe_overflow_small_starburst,
          mainiacjoe_overflow_catwalk, minmay_lizard_king, uniq_natasha
D:4:      layout_loops_ring, lemuel_round_altar, uniq_pikel, uniq_pargi
D:5:      layout_basic, minmay_temple_entry_from_below_a
D:6:      layout_loops_ring, regret_index_temple_of_mockery,
          mainiacjoe_overflow_big_doors, serial_rivers,
          chequers_serial_rivers_micro_e, chequers_serial_rivers_micro_c,
          chequers_serial_rivers_micro_c, chequers_serial_rivers_micro_e,
          uniq_menkaure, uniq_grinder
D:7:      layout_layer_cave, zin_purify, amcnicky_mini_corridor_feature
D:8:      layout_layer_cave, serial_shops, shop, solitary_fountain,
          corexii_hall_statues_x
D:9:      layout_basic, mainiacjoe_overflow_brackets, uniq_maggie
D:10:     layout_roguey, david_lair_shrubbed, minmay_microvault
D:11:     layout_rooms, david_orc_5
D:12:     layout_roguey, uniq_erolcha, uniq_nessos
Lair:1:   layout_hall_layers, nzn_sisyphean_effort
Lair:2:   layout_cave_pods, elwin_shoals_entry_rocks,
          guppyfry_snake_entry_island, uniq_sonja
Lair:3:   layout_gridlike

Skill      XL: |  1  2  3  4  5  6  7  8  9 10 11 12 |
---------------+-------------------------------------+-----
Fighting       | 4 5 6 7 8 9 10 | 10.2
Armour         | 4 5 6 8 9 10 11 12 | 12.4
Shields        | 4 5 6 8 9 11 12 | 12.3
Long Blades    | 3 4 6 8 10 12 13 14 | 14.1
Dodging        | 1 2 3 |  3.8
Stealth        | 1 2 |  2.1
Invocations    | 1 2 |  2.1
Evocations     | 1 |  1.8

Action                   |  1- 3 |  4- 6 |  7- 9 | 10-12 || total
-------------------------+-------+-------+-------+-------++-------
Melee: Long sword        |    51 |   120 |   208 |   464 ||   843
       Headbutt          |    11 |    26 |    50 |   128 ||   215
       Double sword      |       |       |       |    86 ||    86
Invok: Heroism           |       |     1 |     3 |    24 ||    28
Evoke: Wand              |       |       |     8 |    22 ||    30
  Use: Scroll            |       |     2 |     7 |    10 ||    19
       Potion            |       |       |     2 |     4 ||     6
 Stab: Paralysed         |       |       |     6 |       ||     6
Armor: Scale mail        |    33 |    44 |    10 |       ||    87
       Chain mail        |       |       |    15 |       ||    15
       Plate armour      |       |       |    94 |   183 ||   277
Dodge: Dodged            |    31 |    58 |    30 |    88 ||   207
Block: Buckler           |    18 |    30 |     1 |       ||    49
       Tower shield      |       |       |   190 |   450 ||   640

Table legend: (Time is in decaauts)
 A = Elapsed time spent in this place.
 B = Non-inter-level travel time spent in this place.
 C = Inter-level travel time spent in this place.
 D = Time resting spent in this place.
 E = Time spent auto-exploring this place.
 F = Levels seen in this place.
 G = Mean time per level.
                   A        B        C        D        E       F      G
               +--------+--------+--------+--------+--------+-----+--------+
         Total |  17312 |  16687 |    625 |   2180 |  11228 |  15 | 1154.1 |
       Dungeon |  13993 |  13509 |    484 |   1879 |   9012 |  12 | 1166.1 |
          Lair |   3319 |   3179 |    140 |    301 |   2215 |   3 | 1106.3 |
               +--------+--------+--------+--------+--------+-----+--------+

Top non-repeatable levels by time:
  Lair:2: 1800 daAuts
     D:9: 1786 daAuts
     D:5: 1619 daAuts
     D:7: 1508 daAuts
     D:3: 1445 daAuts
    D:10: 1287 daAuts
  Lair:1: 1204 daAuts
     D:8: 1051 daAuts
    D:12: 1017 daAuts
     D:4: 954 daAuts
     D:6: 936 daAuts
    D:11: 873 daAuts
     D:2: 801 daAuts
     D:1: 710 daAuts
  Lair:3: 314 daAuts
